 Dungeon Crawl Stone Soup version 0.30-a0-1042-gacf32f4bd3 (webtiles) character file.

Game seed: 9236650604753467152

522369 CryoSword the Champion of Chaos (level 24, -9/229 HPs)
             Began as a Minotaur Fighter on Apr 9, 2023.
             Was the Champion of Makhleb.
             Killed from afar by a war gargoyle (26 damage)
             ... with a spray of metal splinters
             ... on level 5 of the Vaults.
             The game lasted 01:58:17 (59960 turns).

CryoSword the Champion of Chaos (Minotaur Fighter) Turns: 59960, Time: 01:58:18

Health: -9/229     AC: 23    Str: 33    XL:     24   Next: 15%
Magic:  46/46      EV: 19    Int:  8    God:    Makhleb [******]
Gold:   3741       SH:  0    Dex: 13    Spells: 23/23 levels left

rFire   + + +      SeeInvis .    d - +3 broad axe of Insomnia {heavy, Fly rPois Str-2 Dex+3}
rCold   + + .      Faith    .    N - +7 tower shield {reflect}
rNeg    + + .      Spirit   .    P - +6 gold dragon scales
rPois   +          Reflect  +    D - +2 hat
rElec   +          Rampage  .    R - scarf {rC+ rF+}
rCorr   .                        B - +0 pair of gloves of Disaster {rElec rF+ Dex-3}
Will    ++...                    F - +0 pair of boots "Desch" {rN++} Stlth
                                 I - amulet "Cuogagh" {Regen+ Str+4 Stlth+}
HPRegen 1.38/turn                H - +5 ring of evasion {=R}
MPRegen 0.30/turn                i - ring "Jeshriyry" {rElec rPois Will+ MP+9 Stlth-}

@: confused, about to teleport, ambrosia-drunk, corroded, flying, studying 2
skills
A: horns 2, retaliatory headbutt, clever 1, mutation resistance 1, strong 1
}: 3/15 runes: serpentine, barnacled, abyssal
a: Renounce Religion, Minor Destruction, Lesser Servant of Makhleb, Major
Destruction, Greater Servant of Makhleb


You were on level 5 of the Vaults.
You worshipped Makhleb.
Makhleb was exalted by your worship.
You visited 9 branches of the dungeon, and saw 43 of its levels.
You visited the Abyss 3 times.
You also visited: Bailey, Gauntlet, Ice Cave and Wizlab.

You collected 6024 gold pieces.
You spent 2283 gold pieces at shops.

Inventory:

Hand Weapons
 a - a +3 heavy broad axe
   (You took it off a hell knight on level 1 of the Depths)
 d - the +3 broad axe of Insomnia (weapon) {heavy, Fly rPois Str-2 Dex+3}
   (You took it off a deep elf high priest on level 3 of the Elven Halls)

   Str:       It affects your strength (-2).
   Dex:       It affects your dexterity (+3).
   rPois:     It protects you from poison.
   Fly:       It grants you flight.
 s - a +0 executioner's axe of electrocution
   (You found it on level 4 of the Depths)
 w - a +9 broad axe of flaming
   (You took it off Maggie on level 7 of the Dungeon)
Missiles
 z - 3 throwing nets
 L - 13 curare-tipped darts
Armour
 B - the +0 pair of gloves of Disaster (worn) {rElec rF+ Dex-3}
   (You found it in an ice cave)

   Dex:       It affects your dexterity (-3).
   rF:        It protects you from fire.
   rElec:     It insulates you from electricity.
 D - a +2 hat (worn)
   (You found it in a Gauntlet)
 F - the +0 pair of boots "Desch" (worn) {rN++}
   (You found it on level 4 of the Depths)

   rN:        It greatly protects you from negative energy.
 N - a +7 tower shield of reflection (worn)
   (You took it off a naga warrior on level 3 of the Snake Pit)
 P - +6 gold dragon scales (worn)
   (You found it on level 3 of the Depths)
 R - a scarf of resistance (worn)
   (You found it on level 1 of the Lair of Beasts)
Jewellery
 c - a ring of protection from cold
   (You took it off an orc knight on level 1 of the Vaults)
 i - the ring "Jeshriyry" (right hand) {rElec rPois Will+ MP+9 Stlth-}
   (You found it on level 1 of the Depths)

   [ring of willpower]

   rElec:     It insulates you from electricity.
   rPois:     It protects you from poison.
   MP:        It affects your magic capacity (+9).
   Will:      It increases your willpower.
   Stlth:     It makes you less stealthy.
 G - a ring of flight
   (You took it off an orc on level 8 of the Dungeon)
 H - a +5 ring of evasion (left hand) {=R}
   (You found it on level 11 of the Dungeon)
 I - the amulet "Cuogagh" (around neck) {Regen+ Str+4 Stlth+}
   (You found it on level 4 of the Depths)

   [amulet of regeneration]

   Str:       It affects your strength (+4).
   Regen:     It increases your rate of health regeneration.
   Stlth:     It makes you more stealthy.
 T - a ring of willpower
   (You found it on level 2 of the Lair of Beasts)
 Y - the ring of Igompovi {Str+2 SInv}
   (You took it off a deep elf blademaster on level 3 of the Elven Halls)

   [ring of see invisible]

   Str:       It affects your strength (+2).
   SInv:      It lets you see invisible.
Wands
 m - a wand of acid (10) (quivered)
   (You took it off Ijyb on level 3 of the Dungeon)
 t - a wand of digging (11)
   (You took it off Jessica on level 3 of the Dungeon)
 x - a wand of iceblast (40)
   (You found it on level 5 of the Dungeon)
Scrolls
 f - 6 scrolls of poison {!r}
 h - 29 scrolls of teleportation {@r4}
 p - 8 scrolls of magic mapping
 u - 17 scrolls of fog
 A - 4 scrolls of brand weapon
 C - a scroll of fear
 K - 6 scrolls of blinking
 O - 2 scrolls of silence
 W - 2 scrolls of butterflies
Potions
 b - 3 potions of ambrosia
 e - 15 potions of mutation {!q}
 j - 2 potions of might
 l - 23 potions of curing {@q1}
 r - 5 potions of resistance
 v - 7 potions of berserk rage
 E - 11 potions of lignification {!q}
 J - 6 potions of cancellation
 Q - 6 potions of attraction {!q}
 X - 5 potions of haste {@q3}
Miscellaneous
 n - a condenser vane
   (You found it on level 3 of the Depths)
 o - a phantom mirror
   (You found it on level 15 of the Dungeon)
 q - a phial of floods
   (You found it on level 3 of the Depths)
 y - a box of beasts
   (You found it on level 2 of the Depths)


   Skills:
 + Level 21.6 Fighting
 + Level 21.4 Axes
 * Level 21.9 Armour
 + Level 20.7 Dodging
 + Level 21.7 Shields
 - Level 23.1 Invocations


You had 23 spell levels left.
You didn't know any spells.
Your spell library contained the following spells:

 Spells                   Type           Power      Damage    Failure   Level
 Apportation              Tloc           0%         N/A       99%         1
 Foxfire                  Conj/Fire      0%         2x1d4     99%         1
 Kiss of Death            Conj/Necr      0%         2d5       99%         1
 Magic Dart               Conj           0%         1d3       99%         1
 Necrotise                Necr           0%         1d4       99%         1
 Shock                    Conj/Air       0%         1d3       99%         1
 Slow                     Hex            0%         N/A       99%         1
 Sting                    Tmut/Pois      0%         1d3       99%         1
 Summon Small Mammal      Summ           0%         N/A       99%         1
 Blink                    Tloc           0%         N/A       100%        2
 Call Imp                 Summ           0%         N/A       100%        2
 Cigotuvi's Dreadful Rot  Necr/Pois/Air  0%         N/A       100%        2
 Ensorcelled Hibernation  Hex/Ice        0%         N/A       100%        2
 Passwall                 Tmut/Erth      0%         N/A       100%        2
 Poisonous Vapours        Pois/Air       0%         N/A       100%        2
 Scorch                   Fire           0%         2d5       100%        2
 Static Discharge         Conj/Air       0%         2-2/arc   100%        2
 Sublimation of Blood     Necr           0%         N/A       100%        2
 Confusing Touch          Hex            0%         N/A       100%        3
 Gell's Gravitas          Tloc           0%         N/A       100%        3
 Ignite Poison            Fire/Tmut/Pois 0%         N/A       100%        3
 Inner Flame              Hex/Fire       0%         N/A       100%        3
 Mephitic Cloud           Conj/Pois/Air  0%         N/A       100%        3
 Ozocubu's Armour         Ice            0%         N/A       100%        3
 Portal Projectile        Hex/Tloc       0%         N/A       100%        3
 Spider Form              Tmut/Pois      0%         N/A       100%        3
 Stone Arrow              Conj/Erth      0%         3d7       100%        3
 Summon Guardian Golem    Hex/Summ       0%         N/A       100%        3
 Swiftness                Air            0%         N/A       100%        3
 Teleport Other           Tloc           0%         N/A       100%        3
 Tukima's Dance           Hex            0%         N/A       100%        3
 Vampiric Draining        Necr           0%         2d6       100%        3
 Vhi's Electric Charge    Tloc/Air       0%         N/A       100%        3
 Volatile Blastmotes      Fire/Tloc      0%         2d10      100%        3
 Airstrike                Air            0%         2d(0-16)  100%        4
 Anguish                  Hex/Necr       0%         N/A       100%        4
 Animate Armour           Summ/Erth      0%         N/A       100%        4
 Animate Dead             Necr           0%         N/A       100%        4
 Cause Fear               Hex            0%         N/A       100%        4
 Dispel Undead            Necr           0%         3d6       100%        4
 Flame Wave               Conj/Fire      0%         2d4       100%        4
 Fulminant Prism          Conj/Hex       0%         3d5       100%        4
 Iskenderun's Mystic Bla  Conj/Tloc      0%         2d3       100%        4
 Leda's Liquefaction      Hex/Erth       0%         N/A       100%        4
 Manifold Assault         Tloc           0%         N/A       100%        4
 Olgreb's Toxic Radiance  Pois           0%         N/A       100%        4
 Petrify                  Tmut/Erth      0%         N/A       100%        4
 Sticky Flame             Conj/Fire      0%         2d3       100%        4
 Summon Ice Beast         Ice/Summ       0%         N/A       100%        4
 Summon Lightning Spire   Summ/Air       0%         N/A       100%        4
 Agony                    Necr           0%         N/A       100%        5
 Arcjolt                  Conj/Air       0%         1d10      100%        5
 Blade Hands              Tmut           0%         N/A       100%        5
 Borgnjor's Vile Clutch   Necr/Erth      0%         N/A       100%        5
 Fireball                 Conj/Fire      0%         3d3       100%        5
 Freezing Cloud           Conj/Ice/Air   0%         6-21      100%        5
 Irradiate                Conj/Tmut      0%         3d11      100%        5
 Iskenderun's Battlesphe  Conj           0%         2d6       100%        5
 Lee's Rapid Deconstruct  Erth           0%         3d4*      100%        5
 Metabolic Englaciation   Hex/Ice        0%         N/A       100%        5
 Summon Forest            Summ/Tloc      0%         N/A       100%        5
 Summon Mana Viper        Hex/Summ       0%         N/A       100%        5
 Conjure Ball Lightning   Conj/Air       0%         3x3d6     100%        6
 Dispersal                Tloc           0%         N/A       100%        6
 Iron Shot                Conj/Erth      0%         9d1       100%        6
 Plasma Beam              Fire/Air       0%         2x1d11    100%        6
 Simulacrum               Ice/Necr       0%         N/A       100%        6
 Starburst                Conj/Fire      0%         6d3       100%        6
 Statue Form              Tmut/Erth      0%         N/A       100%        6
 Summon Cactus Giant      Summ           0%         N/A       100%        6
 Dragon Form              Tmut           0%         N/A       100%        7
 Enfeeble                 Hex            0%         N/A       100%        7
 Haunt                    Necr/Summ      0%         N/A       100%        7
 Monstrous Menagerie      Summ           0%         N/A       100%        7
 Orb of Destruction       Conj           0%         9d5       100%        7
 Ozocubu's Refrigeration  Ice            0%         4d7       100%        7
 Spellforged Servitor     Conj/Summ      0%         N/A       100%        7
 Storm Form               Tmut/Air       0%         N/A       100%        7
 Infestation              Necr           0%         N/A       100%        8
 Lehudib's Crystal Spear  Conj/Erth      0%         10d2      100%        8
 Maxwell's Capacitive Co  Air            0%         ∞         100%        8
 Chain Lightning          Conj/Air       0%         N/A       100%        9
 Polar Vortex             Ice            0%         N/A       100%        9


Dungeon Overview and Level Annotations

Branches:
Dungeon (15/15)            Temple (1/1) D:5            Lair (5/5) D:10
 Shoals (4/4) Lair:2        Snake (4/4) Lair:3        Slime (0/5) Lair:4
    Orc (2/2) D:10            Elf (3/3) Orc:2        Vaults (5/5) D:14
  Crypt (0/3) Vaults:2     Depths (4/4) D:15            Zot (0/5) Depths:4
 Bailey (visited)           IceCv (visited)          WizLab (visited)
Gauntlet (visited)

Altars:
Ashenzari
Cheibriados
Dithmenos
Elyvilon
Fedhas
Gozag
Hepliaklqana
Kikubaaqudgha
Makhleb
Nemelex Xobeh
Okawaru
Qazlal
Ru
Sif Muna
Trog
Uskayaw
Vehumet
Wu Jian
Xom
Yredelemnul
Zin
The Shining One
Jiyva
Lugonu

Shops:
D:11 ?   D:13 [   Orc:2 ?==(=   Elf:3 [   Shoals:3 :   Snake:4 :   Vaults:4 (
Depths:1 :

Portals:
Hell: Depths:1 Depths:2 Depths:3 Depths:4
Abyss: Depths:3
Pandemonium: Depths:1 Depths:2
Ziggurat: Depths:1

Annotations:
Vaults:5 Frederick


Innate Abilities, Weirdness & Mutations

You have a pair of horns on your head.
You reflexively headbutt those who attack you in melee.
Your mind is acute. (Int +4, Str/Dex -1)
You are somewhat resistant to further mutation.
Your muscles are strong. (Str +4, Int/Dex -1)


Message History

You block the quicksilver dragon's attack.
The vault sentinel blows a loud note on a signal horn!
You hear a horrible gurgling sound!
You hear a deafening roar!
Blink to where?
A green very ugly thing comes into view.
Found 28 gold pieces and a potion of brilliance.
As you read the scroll of blinking, it crumbles to dust.
The green very ugly thing gurgles horribly!
A war gargoyle comes into view. It is wielding a +0 dire flail.
A vault warden comes into view.
It is wielding a +3 great sword of protection.
The vault sentinel shoots a bolt.
You reflect the bolt off your +7 tower shield of reflection!
The bolt hits the vault sentinel!
The vault sentinel shoots a bolt.
You reflect the bolt off your +7 tower shield of reflection!
The bolt hits the vault sentinel!
The entropy weaver gestures at you while chanting.
The entropic weave corrodes you!
The deep elf demonologist mumbles some strange words.
The green very ugly thing completely misses you.
You block the green very ugly thing's attack.
The war gargoyle hits you but does no damage.
You see here 28 gold pieces.
You slice the green very ugly thing!!
Your headbutt misses the green very ugly thing.
You hit the war gargoyle but do no damage.
You hear a shout!
The war gargoyle launches metal splinters at you.
The spray of metal splinters misses you.
The deep elf demonologist casts a spell.
The green very ugly thing barely misses you.
You furiously retaliate!
You headbutt the green very ugly thing!
The entropy weaver points at you and mumbles some strange words.
The entropic weave corrodes you!
The war gargoyle hits you with a +0 dire flail!
* * * LOW HITPOINT WARNING * * *
You block the vault guard's attack.
The deep elf demonologist mumbles some strange words.
A frost giant comes into view.
It is wielding a +2 battleaxe of freezing.
You hear a shout!
You slice the green very ugly thing!! You slash the war gargoyle!
You block the war gargoyle's attack.
You block the green very ugly thing's attack.
The vault guard barely misses you.
The vault warden activates a sealing rune.
The deep elf demonologist mumbles some strange words.
You block the war gargoyle's attack.
The green very ugly thing pecks you but does no damage.
The vault guard completely misses you.
A titan comes into view.
The vault guard barely misses you. You furiously retaliate!
You headbutt the vault guard!
The titan shouts!
You hit the war gargoyle.
You headbutt the war gargoyle, but do no damage.
You closely miss the vault guard. You slash the green very ugly thing!
You block the war gargoyle's attack.
The vault sentinel blows a loud note on a signal horn!
You block the green very ugly thing's attack.
The war gargoyle hits you with a +0 dire flail!
* * * LOW HITPOINT WARNING * * *
The titan waves its arms in wide circles.
The air twists around and strikes you.
* * * LOW HITPOINT WARNING * * *
You block the vault guard's attack.
The green very ugly thing pecks you but does no damage.
The war gargoyle completely misses you.
You hear a deafening roar! x2; You hear a shout! x5; You hear a screech!
You hear a shout!
You hear a screech!
As you read the scroll of fear, it crumbles to dust.
You assume a fearsome visage.
The titan resists with almost no effort.
The vault warden looks frightened!
The frost giant easily resists.
The vault guard looks frightened!
The green very ugly thing looks frightened!
The vault guard looks frightened!
The vault guard resists with some effort.
The vault guard resists with almost no effort.
The orange demon looks frightened!
The vault guard looks frightened!
The vault guard resists with almost no effort.
The shadow demon resists with almost no effort.
The Ice Fiend is unaffected.
The vault guard looks frightened!
The hell beast resists with some effort.
The vault guard resists with almost no effort.
The quicksilver dragon resists with almost no effort.
The entropy weaver looks frightened!
The vault sentinel looks frightened!
The deep elf demonologist resists with almost no effort.
The war gargoyle is unaffected.
The ettin looks frightened!
You feel yourself speed up. You block the war gargoyle's attack.
The vault guard yells at you, "GO AWAY!"
You block the vault guard's attack.
The vault guard hits you but does no damage.
The war gargoyle misses you.
Unknown command.
You chop the green very ugly thing into pieces!!!
You kill the green very ugly thing!
Makhleb accepts your kill.
You feel better.
You slash the vault warden!
Your attack snaps the vault warden out of its fear.
You slash the war gargoyle!
You feel your health improve.
The war gargoyle launches metal splinters at you.
The spray of metal splinters misses you.
The vault guard closely misses you.
Frederick the Flawless comes into view.
He is wielding a +2 demon trident.
Cornered, the vault warden turns to fight!
As you read the scroll of teleportation {@r4}, it crumbles to dust.
You feel strangely unstable.
The war gargoyle hits you with a +0 dire flail.
* * * LOW HITPOINT WARNING * * *
You block the titan's attack.
The vault warden hits you with a +3 great sword of protection!
* * * LOW HITPOINT WARNING * * *
You block the vault guard's attack.
The war gargoyle launches metal splinters at you.
The spray of metal splinters hits you but does no damage.
The Ice Fiend calls on the powers of darkness!
The vault guard convulses! x3; The quicksilver dragon convulses!
The vault warden convulses!
The deep elf demonologist convulses!
Your body is wracked with pain!
* * * LOW HITPOINT WARNING * * *
The titan convulses!
The vault guard convulses!
The frost giant convulses!
The vault guard convulses! x4; The entropy weaver convulses!
You are confused.
You feel invigorated.
The vault guard seems to regain its courage.
The war gargoyle closely misses you.
The vault guard hits you from afar with a +0 glaive!
* * * LOW HITPOINT WARNING * * *
The vault warden barely misses you. The titan hits you!
* * * LOW HITPOINT WARNING * * *
Frederick misses you.
You closely miss the vault warden.
You headbutt the vault warden, but do no damage.
You hit the war gargoyle. You slash the titan!
The war gargoyle barely misses you. The vault guard misses you.
The vault warden closely misses you.
The titan gestures wildly while chanting.
The titan is healed somewhat.
A tentacled monstrosity comes into view.
The lich gestures wildly while chanting.
The lich seems to speed up.
Frederick hits you from afar with a +2 demon trident!
* * * LOW HITPOINT WARNING * * *
The war gargoyle launches metal splinters at you.
The spray of metal splinters hits you!!
You die...

p# .# # .# .# ..#.:..#.#
.### #.#....#.# ....X##
##2#....#.#
.....@9##1pp......###
.....CC@ppDep.....4.
#########pp2L.....######
...p4<<[[.......
....p<..<[.......
.......<<.[......
...........4pp....
######..p..4)p######
#......)§p......
#..#[...#W...?..


You could see Frederick, a tentacled monstrosity, a titan, a frost giant, an Ice
Fiend (summoned), a quicksilver dragon, a vault warden, a hell beast (summoned),
a lich (fast), 7 vault guards, a shadow demon (summoned), a deep elf
demonologist, a war gargoyle (catching breath), a vault sentinel and a red devil
(summoned).

Vanquished Creatures
  A juggernaut (Depths:3)
  Vv (Depths:2)
  Xtahua (Vaults:4)
  2 bone dragons
  A golden dragon (Depths:3)
  Jorgrun (Shoals:2)
  A walking crystal tome (Depths:2)
  Asterion (Vaults:2)
  A walking divine tome (Depths:4)
  4 tentacled monstrosities
  A moon troll (WizLab)
  2 walking frostbound tomes (Depths:4)
  5 liches
  3 titans
  2 deep elf blademasters (Elf:3)
  5 quicksilver dragons
  2 deep elf master archers (Elf:3)
  13 tentacled starspawn
  6 sphinxes
  Polyphemus (Shoals:2)
  3 krakens
  Kirke (D:13)
  2 draconian monks (Depths:4)
  3 storm dragons
  3 nagarajas
  2 tengu reavers (Depths:4)
  2 shadow dragons
  Roxanne (Snake:1)
  A revenant (Abyss:3)
  Donald (Vaults:2)
  10 frost giants
  10 vault wardens
  7 fire giants
  4 deep elf sorcerers (Elf:3)
  A draconian scorcher (Depths:4)
  A cacodemon (WizLab)
  Aizul (Snake:1)
  3 iron dragons
  6 deep elf elementalists
  3 orc warlords
  A juggernaut zombie (Abyss:3)
  5 spriggan defenders
  3 spectral caustic shrikes (Depths:3)
  9 ironbound preservers
  A war gargoyle (Vaults:2)
  23 very ugly things
  9 ironbound thunderhulks
  18 stone giants
  A green draconian (Depths:4)
  A starflower (Abyss:4)
  10 dire elephants
  A lorocyproca (Abyss:4)
  6 deep elf annihilators (Elf:3)
  2 white draconians (Depths:4)
  A minotaur (Gauntlet)
  3 purple draconians (Depths:4)
  3 spark wasps (Depths:4)
  4 deep elf demonologists (Elf:3)
  7 black draconians
  2 red draconians (Depths:4)
  A yellow draconian (Depths:4)
  5 deep elf death magi
  A blizzard demon (Depths:1)
  2 ettins
  A merfolk javelineer (Shoals:3)
  7 deep elf high priests (Elf:3)
  13 fire dragons
  2 crystal guardians
  Josephine (D:13)
  7 merfolk impalers
  16 yaktaur captains
  7 great orbs of eyes
  Harold (D:11)
  Erolcha (D:13)
  22 vault guards
  10 rakshasas
  3 salamander tyrants (Snake:4)
  5 ice dragons
  4 hydras
  A peacekeeper (Vaults:2)
  5 alligator snapping turtles
  4 catoblepae
  2 spriggan air magi
  5 boulder beetles
  4 merfolk avatars
  Erica (D:11)
  4 ogre magi
  7 anacondas
  25 dancing weapons
  5 two-headed ogres
  An alligator (Shoals:1)
  8 centaur warriors
  12 ironbound frosthearts
  9 death yaks
  6 naga warriors
  5 merfolk aquamancers
  A satyr (Shoals:3)
  6 tengu warriors
  7 deep troll earth magi
  2 hell hogs (Abyss:4)
  4 shock serpents
  5 hell knights
  Urug (D:11)
  4 deep troll shamans
  17 thrashing horrors
  18 deep elf knights
  A vampire mage (Depths:1)
  12 orc high priests
  10 naga sharpshooters
  5 spriggan berserkers
  5 soul eaters
  3 sun demons
  A sixfirhy (Depths:1)
  A spatial maelstrom (Abyss:4)
  12 skysharks
  11 wretched stars
  Lodul (D:11)
  7 iron trolls
  2 salamander mystics
  10 sea snakes
  A spectral anaconda (Lair:5)
  36 deep trolls
  14 glowing orange brains
  9 deep elf archers
  A flayed ghost (Abyss:3)
  A goliath frog (Shoals:1)
  An orange crystal statue (WizLab)
  4 naga ritualists
  An obsidian statue (Lair:5)
  11 orc knights
  16 wizards
  9 necromancers
  6 lindwurms
  13 ironbound convokers
  12 mana vipers
  A mana viper (shapeshifter) (Depths:4)
  28 deep elf pyromancers
  4 cyclopes
  10 harpies
  19 deep elf zephyrmancers
  10 manticores
  3 will-o-the-wisps
  55 starcursed masses
  3 orc sorcerers
  An oklob plant (Orc:2)
  A worldbinder (Abyss:3)
  46 ugly things
  18 fauns
  3 salamanders
  5 merfolk sirens
  2 human skeletons (Vaults:1)
  2 dire elephant zombies (Lair:5)
  8 elephants (Lair:5)
  5 guardian serpents (Snake:4)
  An apocalypse crab (Abyss:3)
  29 black mambas
  2 rust devils
  9 water nymphs
  14 naga magi
  2 gargoyles
  3 orange demons
  5 eyes of devastation (WizLab)
  2 ice statues
  11 cane toads
  19 vault sentinels
  Maurice (D:11)
  6 smoke demons
  3 rime drakes
  Maggie (D:7)
  A dire elephant skeleton (Lair:5)
  25 yaktaurs
  An unseen horror (Abyss:4)
  2 hellions
  5 tengu conjurers
  3 efreet
  A kobold demonologist (D:13)
  10 komodo dragons
  2 ancient zymes
  A burning bush (Lair:2)
  A red devil (Depths:1)
  A tormentor (Abyss:4)
  3 freezing wraiths (Abyss:3)
  4 ice devils
  A hellwing (Depths:2)
  11 polar bears
  32 merfolk
  A troll (shapeshifter) (Depths:2)
  7 trolls
  7 wind drakes
  Prince Ribbit (Lair:1)
  Grinder (D:3)
  26 large abominations
  A blink frog (shapeshifter) (D:14)
  3 spectral elephants (Lair:5)
  10 dream sheep
  8 hornets
  10 snapping turtles
  14 raiju
  19 blink frogs
  30 slime creatures
  12 flying skulls
  A culicivora (shapeshifter) (D:14)
  A deep troll skeleton (Vaults:1)
  8 wraiths
  14 water elementals
  2 humans (D:13)
  A vampire (D:10)
  A centaur simulacrum (D:15)
  7 ynoxinuls
  8 spriggans
  5 wyverns
  42 yaks
  3 shadows
  3 air elementals
  9 small abominations
  5 fire elementals
  15 vampire mosquitoes
  5 neqoxecs
  3 golden eyes (WizLab)
  2 hogs (D:13)
  4 basilisks
  3 chaos spawn
  A steam dragon (D:9)
  A death yak simulacrum (Lair:5)
  A spectral cane toad (Lair:5)
  4 acid dragons
  10 wargs
  33 nagas
  4 hell hounds
  13 water moccasins
  A floating eye (Depths:3)
  An elephant zombie (Lair:5)
  3 sky beasts
  2 ice beasts
  2 black bears
  25 wolves
  23 orc warriors
  7 boggarts
  16 ogres
  9 centaurs
  5 phantoms
  An elephant skeleton (Lair:5)
  6 kobold brigands
  20 bullfrogs
  A scorpion (D:5)
  4 earth elementals
  A gnoll sergeant (D:7)
  A naga simulacrum (Abyss:4)
  A troll zombie (D:10)
  9 wights
  9 killer bees
  An elephant simulacrum (Lair:5)
  10 electric eels (D:7)
  2 howler monkeys
  A hound (D:7)
  2 iron imps
  5 jellies
  33 orc priests
  A gnoll bouda (D:6)
  Ijyb (D:3)
  A sleepcap (D:5)
  Jessica (D:3)
  2 iguanas
  30 orc wizards
  7 ogre zombies (D:10)
  4 gnolls
  7 adders
  A shadow imp (Abyss:4)
  6 white imps
  An ufetubus (Abyss:4)
  2 worms
  3 dart slugs
  101 orcs
  3 ball pythons
  3 bats (D:1)
  8 endoplasms
  4 giant cockroaches
  5 hobgoblins
  5 jackals
  6 quokkas
  3 frilled lizards
  6 goblins
  A goblin skeleton (D:10)
  3 goblin zombies (D:10)
  2 hobgoblin zombies (D:10)
  19 kobolds
  3 orc skeletons (D:10)
  16 orc zombies (D:10)
  8 rats
  17 starspawn tentacles
  8 tentacles
2007 creatures vanquished.

Vanquished Creatures (collateral kills)
  Mara (Snake:4)
  A juggernaut (Depths:4)
  A golden dragon (Depths:4)
  Nikola (Snake:3)
  2 deep elf blademasters (Elf:3)
  2 walking earthen tomes
  A storm dragon (Depths:4)
  A nagaraja (Snake:4)
  A fire giant (Depths:2)
  A deep elf elementalist (Elf:3)
  A stone giant (Depths:3)
  A war gargoyle (Vaults:2)
  A dire elephant (Lair:5)
  A green draconian (Depths:4)
  An ettin (Depths:3)
  A rakshasa (Depths:3)
  A vault guard (D:14)
  An anaconda (Snake:3)
  An ironbound frostheart (IceCv)
  A deep troll shaman (Depths:3)
  A centaur warrior (D:14)
  2 deep troll earth magi (Depths:3)
  A shock serpent (Snake:4)
  2 hell knights (Depths:1)
  A deep elf archer (Elf:3)
  A deep elf pyromancer (Elf:3)
  3 naga magi
  A guardian serpent (Snake:4)
  A hornet (Depths:3)
  A merfolk (shapeshifter) (Depths:2)
  A naga (Snake:4)
37 creatures vanquished.

Vanquished Creatures (others)
  A bone dragon (Depths:4)
  A fire giant (Depths:2)
  A wizard (Depths:3)
  A deep elf zephyrmancer (Elf:3)
  A deep elf pyromancer (Elf:2)
  A water elemental (Shoals:4)
  An orc warrior (Elf:1)
  An orc priest (Elf:1)
  2 bushes
  7 demonic plants
  15 foxfires
  26 fungi
  68 plants
  18 starspawn tentacles
  16 tentacles
  18 withered plants (Lair:5)
178 creatures vanquished.

Grand Total: 2222 creatures vanquished

Notes
Turn   | Place    | Note
-------+----------+-------------------------------------------
     0 | D:1      | CryoSword the Minotaur Fighter began the quest for the Orb.
     0 | D:1      | Reached XP level 1. HP: 19/19 MP: 0/0
   254 | D:1      | Reached XP level 2. HP: 26/26 MP: 1/1
   570 | D:1      | Reached XP level 3. HP: 19/31 MP: 2/2
   676 | D:1      | Found a faded altar of an unknown god.
  1275 | D:2      | Reached skill level 5 in Axes
  1438 | D:2      | Reached XP level 4. HP: 39/39 MP: 3/3
  2089 | D:3      | Noticed Ijyb
  2095 | D:3      | Killed Ijyb
  2291 | D:3      | Noticed a phantom
  2297 | D:3      | Killed a phantom
  2298 | D:3      | Reached XP level 5. HP: 43/45 MP: 4/4
  2453 | D:3      | Noticed Grinder
  2458 | D:3      | Killed Grinder
  2459 | D:3      | Reached XP level 6. HP: 43/51 MP: 5/5
  2517 | D:3      | Gained mutation: Your muscles are strong. (Str +4, Int/Dex
                  | -1) [potion of mutation]
  2517 | D:3      | Gained mutation: Your mind is acute. (Int +4, Str/Dex -1)
                  | [potion of mutation]
  2517 | D:3      | Gained mutation: You are somewhat resistant to further
                  | mutation. [potion of mutation]
  2527 | D:3      | Noticed Jessica
  2557 | D:3      | Killed Jessica
  2723 | D:3      | Found a shimmering blue altar of Sif Muna.
  3019 | D:4      | Found Wojeahiph's Magic Scroll Emporium.
  3065 | D:4      | Bought a scroll of fog for 56 gold pieces
  3065 | D:4      | Bought a scroll of identify for 28 gold pieces
  3065 | D:4      | Bought a scroll of identify for 28 gold pieces
  3130 | D:4      | Reached XP level 7. HP: 57/57 MP: 6/6
  3351 | D:4      | Identified the +7 hand axe of Jurph {spect, Str+3}
  3358 | D:4      | Found an opulent altar of Gozag.
  3577 | D:5      | Entered Level 5 of the Dungeon
  3584 | D:5      | Found a staircase to the Ecumenical Temple.
  3596 | Temple   | Entered the Ecumenical Temple
  3866 | D:5      | Reached skill level 10 in Axes
  4425 | D:4      | Bought a scroll of immolation for 56 gold pieces
  4425 | D:4      | Bought a scroll of poison for 56 gold pieces
  4859 | D:5      | Found a hide-covered altar of Uskayaw.
  5120 | D:6      | Found a glowing silver altar of Zin.
  5134 | D:6      | Reached XP level 8. HP: 54/66 MP: 7/7
  5293 | D:6      | Identified the +7 spear of Ru, Writhing {freeze, *Noise
                  | *Slow Dex+6}
  5412 | D:6      | Found a bloodstained altar of Trog.
  5413 | D:6      | Found an iron altar of Okawaru.
  6098 | D:7      | Reached skill level 5 in Fighting
  6098 | D:7      | Reached skill level 5 in Shields
  6318 | D:7      | Reached XP level 9. HP: 68/75 MP: 8/8
  6445 | D:7      | Found an ornate altar of the Wu Jian Council.
  6797 | D:7      | Noticed Maggie
  6810 | D:7      | Killed Maggie
  7211 | D:7      | Identified the +2 robe "Ryzeddut" {-Cast rPois rCorr Str+3}
  7754 | D:8      | Got the Discourse on Gathered Traumaturgy
  7796 | D:8      | Found a flagged portal.
  7805 | Bailey   | Entered a bailey
  7958 | Bailey   | Reached XP level 10. HP: 34/88 MP: 9/9
  7962 | Bailey   | Found an iron altar of Okawaru.
  8236 | D:8      | Found a radiant altar of Vehumet.
  9351 | D:10     | Entered Level 10 of the Dungeon
  9353 | D:10     | Noticed a gargoyle
  9364 | D:10     | Killed a gargoyle
  9365 | D:10     | Reached skill level 15 in Axes
  9448 | D:10     | Found a staircase to the Lair.
  9764 | D:10     | Found a staircase to the Orcish Mines.
  9960 | D:10     | Found a burning altar of Makhleb.
  9962 | D:10     | Found a blossoming altar of Fedhas.
 10105 | D:10     | Became a worshipper of Makhleb the Destroyer
 10117 | D:10     | Noticed an ice statue
 10277 | D:10     | Found a shadowy altar of Dithmenos.
 10282 | D:10     | Reached XP level 11. HP: 97/97 MP: 10/10
 10506 | D:11     | Noticed Maurice
 10512 | D:11     | Killed Maurice
 10519 | D:11     | Noticed Urug
 10528 | D:11     | Killed Urug
 10529 | D:11     | Reached skill level 1 in Dodging
 10529 | D:11     | Reached skill level 1 in Invocations
 10614 | D:11     | Found a gate leading to a gauntlet.
 10622 | D:11     | Noticed Harold
 10632 | D:11     | Killed Harold
 10633 | D:11     | Reached skill level 2 in Invocations
 10641 | Gauntlet | Entered a Gauntlet
 10641 | Gauntlet | Found a transporter.
 10730 | Gauntlet | Found a runed translucent gate.
 10731 | Gauntlet | Found a transporter.
 10731 | Gauntlet | Found a runed translucent gate.
 10732 | Gauntlet | Found a runed translucent gate.
 10747 | Gauntlet | Found a transporter.
 10751 | Gauntlet | Found a transporter.
 10762 | Gauntlet | Found a transporter.
 10765 | Gauntlet | Noticed an obsidian statue
 10778 | Gauntlet | Noticed a purple ugly thing
 10779 | Gauntlet | Noticed a white ugly thing
 10781 | Gauntlet | Found a transporter.
 10781 | Gauntlet | Noticed a glowing orange brain
 10782 | Gauntlet | Found the +9 staff of Olgreb {rPois∞}
 10794 | Gauntlet | Found a transporter.
 10812 | Gauntlet | Found a transporter.
 10817 | Gauntlet | Found a runed translucent door.
 10822 | Gauntlet | Found a transporter.
 10827 | Gauntlet | Found a transporter.
 10845 | Gauntlet | Found a transporter.
 10849 | Gauntlet | Found a transporter.
 11120 | Gauntlet | Killed a purple ugly thing
 11121 | Gauntlet | Reached skill level 10 in Fighting
 11121 | Gauntlet | Reached skill level 10 in Shields
 11122 | Gauntlet | Killed a glowing orange brain
 11123 | Gauntlet | Reached skill level 3 in Invocations
 11127 | Gauntlet | Killed a white ugly thing
 11146 | Gauntlet | Noticed a minotaur
 11156 | Gauntlet | Killed a minotaur
 11157 | Gauntlet | Reached skill level 5 in Armour
 11161 | Gauntlet | Identified the staff of cold "Zaoggu" {rC+ rCorr MP+9 Str+7
                  | Int-3}
 11215 | D:11     | Reached skill level 4 in Invocations
 11304 | D:11     | Noticed Erica
 11311 | D:11     | Killed Erica
 11552 | D:11     | Noticed Lodul
 11566 | D:11     | Reached skill level 5 in Invocations
 11572 | D:11     | Killed Lodul
 11572 | D:11     | Reached * piety under Makhleb
 11676 | D:11     | Noticed a boulder beetle
 11688 | D:11     | Killed a boulder beetle
 11750 | D:11     | Reached XP level 12. HP: 86/108 MP: 12/15
 11993 | D:11     | Found Atierch's Magic Scroll Shop.
 12005 | D:11     | Bought a scroll of enchant armour for 112 gold pieces
 12005 | D:11     | Bought a scroll of fear for 60 gold pieces
 12005 | D:11     | Bought a scroll of noise for 15 gold pieces
 12005 | D:11     | Bought a scroll of fear for 60 gold pieces
 12006 | D:11     | Bought a scroll of identify for 30 gold pieces
 12006 | D:11     | Bought a scroll of identify for 30 gold pieces
 12006 | D:11     | Bought a scroll of identify for 30 gold pieces
 12006 | D:11     | Bought a scroll of identify for 30 gold pieces
 12145 | Lair:1   | Entered Level 1 of the Lair of Beasts
 12162 | Lair:1   | Found a hide-covered altar of Uskayaw.
 12211 | Lair:1   | Got Lysouxku's Introduction to Willworking
 12300 | Lair:1   | Noticed Prince Ribbit
 12313 | Lair:1   | Killed Prince Ribbit
 12449 | Lair:1   | Reached skill level 6 in Invocations
 13366 | Lair:2   | Noticed a six-headed hydra
 13374 | Lair:2   | Killed a two-headed hydra
 13375 | Lair:2   | Reached skill level 5 in Dodging
 13622 | Lair:2   | Reached ** piety under Makhleb
 13724 | Lair:2   | Reached skill level 7 in Invocations
 14214 | Lair:2   | Found a staircase to the Shoals.
 14860 | Lair:3   | Found a staircase to the Snake Pit.
 15746 | Lair:4   | Noticed a boulder beetle
 15755 | Lair:4   | Killed a boulder beetle
 15761 | Lair:4   | Reached XP level 13. HP: 97/117 MP: 8/17
 15894 | Lair:4   | Reached skill level 8 in Invocations
 16347 | Lair:4   | Found a staircase to the Slime Pits.
 16349 | Lair:4   | Found a viscous altar of Jiyva.
 16468 | Lair:4   | Reached *** piety under Makhleb
 17066 | Lair:5   | Entered Level 5 of the Lair of Beasts
 17371 | Lair:5   | Reached skill level 9 in Invocations
 17426 | Lair:5   | Reached **** piety under Makhleb
 18235 | Lair:5   | Noticed a dire elephant
 18235 | Lair:5   | Noticed a dire elephant
 18235 | Lair:5   | Noticed a dire elephant
 18238 | Lair:5   | Noticed a dire elephant
 18250 | Lair:5   | Killed a dire elephant
 18669 | Lair:5   | Identified the +8 halberd of the Wilderness {speed, rF+
                  | Dex-4 Stlth+}
 18853 | Lair:5   | Reached XP level 14. HP: 112/127 MP: 3/20
 18854 | Lair:5   | Reached skill level 10 in Invocations
 20857 | D:13     | Noticed Kirke
 20858 | D:13     | Noticed Erolcha
 20872 | D:13     | Killed Kirke
 20872 | D:13     | Reached ***** piety under Makhleb
 20874 | D:13     | Found Utsaes's Armour Emporium.
 20883 | D:13     | Killed Erolcha
 21054 | D:13     | Reached skill level 10 in Armour
 21212 | D:13     | Noticed Josephine
 21219 | D:13     | Killed Josephine
 21226 | D:13     | Reached skill level 11 in Invocations
 22479 | D:14     | Found a gate to the Vaults.
 22512 | D:14     | Reached XP level 15. HP: 119/136 MP: 0/22
 23139 | D:15     | Entered Level 15 of the Dungeon
 23224 | D:15     | Found a white marble altar of Elyvilon.
 23623 | D:15     | Reached skill level 12 in Invocations
 23821 | D:15     | Found a staircase to the Depths.
 24374 | Orc:1    | Entered Level 1 of the Orcish Mines
 24382 | Orc:1    | Found a frozen archway.
 24394 | IceCv    | Entered an ice cave
 24942 | IceCv    | Identified the +0 pair of gloves of Disaster {rElec rF+
                  | Dex-3}
 25380 | Orc:1    | Reached skill level 10 in Dodging
 25514 | Orc:1    | Reached ****** piety under Makhleb
 25942 | Orc:2    | Entered Level 2 of the Orcish Mines
 26019 | Orc:2    | Found Yceb's Jewellery Shoppe.
 26022 | Orc:2    | Paralysed by an ogre mage for 5 turns
 26032 | Orc:2    | Reached skill level 13 in Invocations
 26146 | Orc:2    | Found a staircase to the Elven Halls.
 26452 | Orc:2    | Found Ecodeulu's Jewellery Boutique.
 26452 | Orc:2    | Found Anig's Magic Scroll Shoppe.
 26710 | Orc:2    | Bought a scroll of enchant armour for 112 gold pieces
 26710 | Orc:2    | Bought a scroll of teleportation for 45 gold pieces
 27019 | Orc:2    | Found Kaigom's Antique Weapon Shoppe.
 27037 | Orc:2    | Found Lodong's Jewellery Boutique.
 27127 | Orc:2    | Reached XP level 16. HP: 135/147 MP: 25/25
 27336 | D:4      | Bought a scroll of teleportation for 42 gold pieces
 27336 | D:4      | Bought a scroll of brand weapon for 133 gold pieces
 27576 | Snake:1  | Entered Level 1 of the Snake Pit
 27630 | Snake:1  | Noticed Aizul
 27649 | Snake:1  | Killed Aizul
 27904 | Snake:1  | Identified Roxanne's Papyrus of Silt
 27904 | Snake:1  | Noticed Roxanne
 28911 | Snake:2  | Identified the +1 falchion "Vaat" {speed, Int+4}
 29119 | Snake:2  | Reached skill level 15 in Shields
 29767 | Snake:2  | Reached skill level 14 in Invocations
 30129 | Snake:2  | Reached skill level 15 in Fighting
 30429 | Snake:3  | Identified the ring of Wariness {rPois rF+ Dex+5}
 30802 | Snake:3  | Noticed Nikola
 30818 | Snake:3  | HP: 4/149 [Nikola/arc of chain lightning (58)]
 30852 | Snake:3  | Killed Nikola
 31735 | Snake:4  | Entered Level 4 of the Snake Pit
 32111 | Snake:4  | Found Cokhirae's Vocational Training.
 32119 | Snake:4  | Bought a manual of Invocations for 1360 gold pieces
 32434 | Snake:4  | Reached skill level 15 in Invocations
 32495 | Snake:4  | Noticed Mara
 32498 | Snake:4  | Noticed CryoSword's illusion
 32511 | Snake:4  | Killed Mara
 32512 | Snake:4  | Reached XP level 17. HP: 149/156 MP: 27/27
 32565 | Snake:4  | Noticed a quicksilver dragon
 32568 | Snake:4  | Noticed a quicksilver dragon
 32577 | Snake:4  | Killed a quicksilver dragon
 32583 | Snake:4  | Killed a quicksilver dragon
 32623 | Snake:4  | Got a serpentine rune of Zot
 33201 | Shoals:1 | Entered Level 1 of the Shoals
 33202 | Shoals:1 | Noticed a kraken
 33214 | Shoals:1 | Killed a kraken
 33215 | Shoals:1 | Reached skill level 16 in Invocations
 34519 | Shoals:2 | Noticed Polyphemus
 34559 | Shoals:2 | Killed Polyphemus
 34569 | Shoals:2 | Reached skill level 17 in Invocations
 34582 | Shoals:2 | Noticed Jorgrun
 34599 | Shoals:2 | Killed Jorgrun
 34719 | Shoals:2 | Identified the +0 shortbow of Koxzir {drain, Int+4}
 35390 | Shoals:3 | Found Omogg's Book Emporium.
 35739 | Shoals:3 | Reached skill level 15 in Dodging
 35870 | Shoals:3 | Reached XP level 18. HP: 168/168 MP: 29/29
 36261 | Shoals:4 | Entered Level 4 of the Shoals
 36313 | Shoals:4 | Reached skill level 18 in Invocations
 37035 | Shoals:4 | Got a barnacled rune of Zot
 38325 | Depths:1 | Entered Level 1 of the Depths
 38330 | Depths:1 | Found a one-way gateway to a ziggurat.
 38356 | Depths:1 | Identified the ring "Jeshriyry" {rElec rPois Will+ MP+9
                  | Stlth-}
 38758 | Depths:1 | Found Peuzilull's Book Emporium.
 38852 | Depths:1 | Found a gateway to Hell.
 39016 | Depths:1 | Identified the +0 leather armour of the Grue {rPois rC++
                  | rCorr Dex+2}
 39033 | Depths:1 | Reached skill level 15 in Armour
 39279 | Depths:1 | Reached skill level 19 in Invocations
 39639 | Depths:1 | Found a sparkling altar of Nemelex Xobeh.
 40247 | Depths:1 | Found a one-way gate leading to the halls of Pandemonium.
 40618 | Depths:2 | Noticed a lich
 40636 | Depths:2 | Killed a lich
 40655 | Depths:2 | Noticed a walking crystal tome
 40678 | Depths:2 | Killed a walking crystal tome
 40700 | Depths:2 | Reached XP level 19. HP: 110/177 MP: 31/31
 40848 | Depths:2 | Identified the staff of air "Feloisif" {rElec Int+4}
 41734 | Depths:3 | Noticed Vv
 42712 | Depths:3 | Identified the +1 leather armour of Parlour Games {Will+
                  | Str+3}
 43272 | Depths:3 | Reached skill level 20 in Invocations
 43394 | Depths:3 | Noticed a golden dragon
 43407 | Depths:3 | Killed a golden dragon
 43450 | Depths:3 | Paralysed by a floating eye for 3 turns
 43605 | Depths:3 | Identified the +0 ring mail of Plasticity {Contam rN+++
                  | Int+4}
 43608 | Depths:3 | Got the Codex of the Hazy Crater
 43778 | Depths:3 | Noticed a juggernaut
 43788 | Depths:3 | Killed a juggernaut
 43889 | Depths:2 | Killed Vv
 44519 | Depths:3 | Found a corrupted altar of Lugonu.
 44519 | Depths:3 | Found a one-way gate to the infinite horrors of the Abyss.
 44893 | Depths:4 | Entered Level 4 of the Depths
 45512 | Depths:4 | Reached XP level 20. HP: 162/181 MP: 33/33
 45822 | Depths:4 | Noticed a juggernaut
 45823 | Depths:4 | Noticed a golden dragon
 45831 | Depths:4 | Killed a juggernaut
 45836 | Depths:4 | Killed a golden dragon
 46371 | Depths:4 | Identified the +0 pair of boots "Desch" {rN++}
 46374 | Depths:4 | Identified the +7 sling of the Thing {freeze, rF++ rN+
                  | Stlth-}
 46375 | Depths:4 | Identified the +2 fire dragon scales "Daasirea" {rF++ rC-
                  | Regen+ Stlth+}
 46479 | Depths:4 | Noticed a bone dragon
 46485 | Depths:4 | Noticed a bone dragon
 46722 | Depths:4 | Killed a bone dragon
 46740 | Depths:4 | Reached skill level 21 in Invocations
 47148 | Depths:4 | Identified the amulet "Cuogagh" {Regen+ Str+4 Stlth+}
 47228 | Depths:4 | Identified the +2 sling "Rice" {drain, rPois rC+ Will-
                  | Int+2}
 47229 | Depths:4 | Identified the amulet of Fragile Peace {Acrobat Int+5}
 47560 | Depths:4 | Found a runed translucent door.
 47575 | Depths:4 | Found a runed translucent door.
 47575 | Depths:4 | Found a runed translucent door.
 47589 | Depths:4 | Found a runed translucent door.
 47595 | Depths:4 | Found a runed translucent door.
 47595 | Depths:4 | Found a runed translucent door.
 47733 | Depths:4 | Killed a bone dragon
 47832 | Depths:4 | Found a gate to the Realm of Zot.
 48167 | Elf:1    | Entered Level 1 of the Elven Halls
 48545 | Elf:1    | Paralysed by an air elemental for 1 turns
 49133 | Elf:2    | Got the Folio of Mud
 49144 | Elf:2    | Got the Incunable of the Summer
 49251 | Elf:2    | Reached XP level 21. HP: 198/198 MP: 34/34
 49579 | Elf:2    | Found a huge runed translucent gate.
 49579 | Elf:2    | Found a huge runed translucent gate.
 49579 | Elf:2    | Found a huge runed translucent gate.
 49579 | Elf:2    | Found a huge runed translucent gate.
 49580 | Elf:2    | Found a huge runed translucent gate.
 50204 | Elf:3    | Entered Level 3 of the Elven Halls
 50579 | Elf:3    | Identified the ring of Igompovi {Str+2 SInv}
 50584 | Elf:3    | Identified the ring "Juhui" {Fire *Slow Str+6 Dex-3 Slay+2}
 50584 | Abyss:3  | Cast into level 3 of the Abyss (a deep elf demonologist)
 50869 | Elf:3    | Escaped the Abyss
 50946 | Elf:3    | Identified the +4 long sword of Gient {protect, Will-
                  | Dex+6}
 50962 | Elf:3    | Identified the +1 robe of Poor Excuses {Str+2 Stlth+}
 50991 | Elf:3    | Reached skill level 22 in Invocations
 51005 | Elf:3    | Identified the +3 broad axe of Insomnia {heavy, Fly rPois
                  | Str-2 Dex+3}
 51157 | Elf:3    | Found Situlymo's Antique Armour Emporium.
 51376 | Elf:3    | Identified the +6 shortbow of Liagixze {drain, rElec Str+4}
 51377 | Elf:3    | Found the +0 staff of Battle
 51380 | Elf:3    | Identified the staff of fire "Siemmat" {Fly rF+ Dex+3}
 51392 | Elf:3    | Identified the ring "Geomuk" {rPois rF+ Str+4}
 51402 | Elf:3    | Identified the staff of fire "Qyreq" {rElec rF+ Int+3}
 51405 | Elf:3    | Identified the +6 shortbow "Rihihu" {freeze, rN+}
 52108 | Snake:1  | Killed Roxanne
 52704 | Vaults:1 | Entered Level 1 of the Vaults
 53542 | Vaults:1 | Reached XP level 22. HP: 208/209 MP: 36/36
 54243 | Vaults:2 | Found a staircase to the Crypt.
 54243 | Vaults:2 | Found a basalt altar of Yredelemnul.
 54244 | Vaults:2 | Found an ancient bone altar of Kikubaaqudgha.
 54663 | Vaults:2 | Noticed Donald
 54677 | Vaults:2 | Killed Donald
 54978 | Vaults:2 | Identified the +1 kite shield of a ziggurat {-Tele Will+
                  | rCorr Str+6}
 54978 | Vaults:2 | Noticed Asterion
 55006 | Vaults:2 | Killed Asterion
 55217 | Vaults:3 | Found a magical portal.
 55232 | WizLab   | Entered Lehudib's Moon Base
 55892 | WizLab   | Found a transporter.
 56036 | WizLab   | Found a transporter.
 56194 | WizLab   | Paralysed by accursed screaming for 2 turns
 56225 | WizLab   | Got Lehudib's Volume of the Blasted Syncline
 56254 | WizLab   | Identified the +0 pair of gloves of Xaciuf {rPois Int+4}
 56798 | Vaults:3 | Reached XP level 23. HP: 212/217 MP: 37/37
 57221 | Vaults:4 | Identified the amulet of Recklessness {Acrobat rElec}
 57482 | Vaults:4 | Noticed Xtahua
 57491 | Vaults:4 | Killed Xtahua
 57569 | Vaults:4 | Identified the +5 plate armour of the Lost Path {Rampage}
 57643 | Vaults:4 | Found Mouloha's Weapon Emporium.
 58326 | Depths:3 | Voluntarily entered the Abyss.
 58616 | Abyss:4  | Found a corrupted altar of Lugonu.
 58791 | Abyss:4  | Found a corrupted altar of Lugonu.
 58873 | Abyss:4  | Found a corrupted altar of Lugonu.
 58923 | Abyss:4  | Reached skill level 23 in Invocations
 58952 | Abyss:4  | Paralysed by accursed screaming for 1 turns
 59069 | Abyss:4  | Paralysed by accursed screaming for 1 turns
 59076 | Abyss:4  | Got an abyssal rune of Zot
 59386 | Depths:3 | Escaped the Abyss
 59657 | Vaults:5 | Entered Level 5 of the Vaults
 59668 | Abyss:4  | Found a corrupted altar of Lugonu.
 59668 | Abyss:4  | Cast into level 4 of the Abyss (vault guard)
 59774 | Abyss:4  | Reached XP level 24. HP: 228/228 MP: 37/37
 59936 | Vaults:5 | Escaped the Abyss
 59957 | Vaults:5 | Noticed Frederick
 59960 | Vaults:5 | Killed from afar by a war gargoyle

Illustrated notes

Levels and vault maps discovered:
D:1:      dpeg_arrival_three_same_balls, layout_loops_corners,
          basic_ecumenical_altar
D:2:      layout_basic, nicolae_hexahallways
D:3:      layout_loops_corners, led_sif_book, uniq_grinder, uniq_ijyb,
          uniq_jessica
D:4:      layout_cave_pools, grunt_gozag_breadcrumbs, serial_shops,
          nicolae_shop_advertising_works [nicolae_subvault_shop_adworks],
          feat_on_display
D:5:      layout_loops_corners, lemuel_coloured_pillars_altar,
          minmay_temple_entry_proselytizer, minivault_1
D:6:      layout_basic, grunt_temple_overflow_bloody_war,
          mainiacjoe_overflow_brackets, kennysheep_generic_room_9
D:7:      layout_basic, nzn_wu_jian_council_hall, roderic_lattice_a,
          minmay_misc_feat_x, kennysheep_boxes, uniq_maggie
D:8:      layout_basic, lemuel_round_altar, enter_bailey_2
D:9:      layout_gridville, kennysheep_generic_room_14
D:10:     layout_cave_pools, grunt_dithmenos_shadows,
          grunt_temple_overflow_open, david_lair_shrubbed, zombieorc2_lemuel,
          minivault_16, minmay_fountain_box
D:11:     layout_loops_cross, serial_shops,
          nicolae_shop_competitors_out_of_business, gauntlet_entry_generic,
          uniq_lodul, uniq_harold, uniq_urug, uniq_maurice, uniq_erica
D:12:     layout_roguey
D:13:     layout_roguey, serial_shops, shop, uniq_kirke, uniq_josephine,
          uniq_erolcha
D:14:     layout_stronghold, lightli_vaults_fourway_checkpoint, nrook_campfire
D:15:     grunt_enter_depths_snipers, layout_long_grid, elyvilon_altar_5
Temple:   bh_familiar_temple
Lair:1:   layout_hall_layers, basic_altar, grunt_megastairs_5,
          uniq_prince_ribbit2
Lair:2:   layout_cave_pods, minmay_shoals_entry_beasts,
          nicolae_lair_grove_arrangements, evilmike_ambush
          [evilmike_ambush_outer_basic, evilmike_ambush_inner_wall_2],
          infiniplex_staircase_pool_2
Lair:3:   layout_regular_city, guppyfry_snake_entry_garden,
          nicolae_lair_lil_pond, infiniplex_staircase_pool
Lair:4:   layout_cave_pods, minmay_slime_entry_pillars
Lair:5:   due_jungle_book, layout_misc_corridors
Shoals:1: layout_shoals, nicolae_shoals_goliath_grotto
Shoals:2: layout_shoals, uniq_polyphemus, uniq_jorgrun
Shoals:3: layout_shoals, nicolae_stop_n_shop_1
Shoals:4: shoals_end_hangedman, layout_shoals
Snake:1:  layout_layer_cave, uniq_roxanne, uniq_aizul
Snake:2:  layout_chambers, st_stairs_4, grunt_ministairs_13,
          nicolae_integral_box
Snake:3:  layout_onion, uniq_nikola
Snake:4:  hellmonk_snake_rune_quicksilver_temple, layout_cave_town,
          nicolae_shop_vocational, grunt_megastairs_3, uniq_mara
Orc:1:    layout_caves, portal_ice_cave_entry_pillars_2,
          nicolae_volcano_entry_two_sided, nicolae_orc_damp_corner,
          mines4_lemuel
Orc:2:    st_orc_town, layout_diamond_mine, serial_shops,
          nicolae_shop_hallway_plus, mines3_lemuel
Elf:1:    layout_geoelf_octagon, minivault_28
Elf:2:    elven_hall_of_blades_hangedman_alternative
          [nicolae_blade_little_rooms], layout_onion_city,
          nicolae_elf_elemental_lessons
Elf:3:    minmay_elf_hall_quartered_circle, layout_loops_ring, serial_shops,
          nicolae_diamond_shop
Vaults:1: hangedman_vaults_maws, v_alt_pattern_1, hangedman_vaults_river_flow,
          v_misc_27, nicolae_vaults_quartermaster, vaults_room_door_ring,
          vaults_dpeg_ring, nicolae_vaults_little_ls,
          nicolae_vaults_border_crossing, layout_vaults_omnigrid
Vaults:2: minmay_crypt_entry_necro_gods, ontoclasm_vaults_decontamination,
          v_misc_8, grunt_vaults_bifocal, vaults_room_ringed_pool,
          hangedman_vaults_pinch, ontoclasm_vaults_twist,
          nicolae_vaults_little_squares_6, vaults_dpeg_encased_lava,
          vaults_room_stairs_pillars, hangedman_vaults_trim, vaults_room_fours,
          vaults_dpeg_diagonal, v_pattern_5, layout_vaults_ring, uniq_asterion,
          uniq_donald
Vaults:3: mu_enter_wizlab_3, v_alt_pattern_3, ontoclasm_vaults_chip,
          nicolae_vaults_back_hallway, ontoclasm_vaults_ligature,
          v_alt_pattern_1, grunt_vaults_diagonal, v_pattern_1,
          ontoclasm_vaults_loading_screen, nicolae_vaults_little_squares_2,
          hangedman_vaults_stitches, vaults_standard_mumra_x,
          ontoclasm_vaults_fault, layout_vaults_maze
Vaults:4: nicolae_vaults_yaktaur_gun_rack, vaults_mumra_hexcomb,
          grunt_vaults_twisty, st_hourglassy, hangedman_vaults_maws,
          ontoclasm_vaults_gateway, vaults_mumra_minichess,
          nicolae_vaults_mini_display_case, v_alt_pattern_1,
          grunt_vaults_hallway_long, v_alt_pattern_4,
          hangedman_vaults_stretched_pinwheel, layout_vaults_big_room,
          serial_shops, nicolae_shop_stone, uniq_xtahua
Vaults:5: uniq_frederick
Depths:1: layout_roguey, enter_ziggurat_a, grunt_pan_entry_sceptre,
          serial_shops, shop, chequers_serial_rivers_small_3, hell_entry,
          nemelex_lonely_heart_becter
Depths:2: minmay_strange_plus, layout_honeycomb, grunt_pan_entry_spiral,
          hangedman_decor_clover_reticule, hell_entry, minmay_misc_feat_doors,
          infiniplex_staircase_zigzag_1
Depths:3: minmay_the_grid_octo_tiled_squarecenter
          [minmay_the_grid_octo_odd_swirl, minmay_the_grid_octo_checkered,
          minmay_the_grid_octo_fan_narrow, minmay_the_grid_octo_clover,
          minmay_the_grid_square_5x5_megaprize_diamond,
          minmay_the_grid_square_5x5_checkered_statues,
          minmay_the_grid_square_5x5_inner_i,
          minmay_the_grid_square_5x5_pentomino_r,
          minmay_the_grid_square_5x5_hourglass], layout_basic,
          pf_hell_entry_tar_river, minmay_misc_feat_ornament,
          abyss_entry_flame_altar, minmay_misc_feat_enclosed, uniq_vv
Depths:4: evilmike_zot_entry_castle, layout_basic, hell_entry,
          hangedman_decor_lopped, minmay_multi_spiral, uniq_margery

Skill      XL: |  1  2  3  4  5  6  7  8  9 10 11 12 13 14 15 16 17 18 19 20 21 22 23 |
---------------+----------------------------------------------------------------------+-----
Axes           | 3 4 5 7 8 9 11 12 14 16 17 18 19 20 21 | 21.4
Fighting       | 4 5 7 9 10 11 12 13 14 15 16 17 18 19 20 21 | 21.6
Shields        | 4 5 7 9 10 11 12 13 14 15 16 17 18 19 20 21 | 21.7
Dodging        | 4 6 7 9 10 13 15 16 18 19 20 | 20.7
Invocations    | 5 7 9 11 13 15 17 19 20 21 22 23 | 23.1
Armour         | 6 7 9 10 12 13 14 15 16 17 18 20 21 | 21.9

Action                     |  1- 3 |  4- 6 |  7- 9 | 10-12 | 13-15 | 16-18 | 19-21 | 22-24 || total
---------------------------+-------+-------+-------+-------+-------+-------+-------+-------++-------
  Melee: War axe           |    87 |    87 |    85 |       |       |       |       |       ||   259
         Headbutt          |    13 |    15 |    39 |    95 |   186 |   296 |   353 |   349 ||  1346
         Hand axe          |       |       |   121 |   230 |       |       |       |       ||   351
         Broad axe         |       |       |       |   162 |   880 |  1272 |  1431 |  1240 ||  4985
 Invoke: Lesser Servant of |       |       |       |       |     4 |    13 |    11 |       ||    28
         Greater Servant o |       |       |       |       |       |     3 |    19 |     1 ||    23
         Major Destruction |       |       |       |       |       |     5 |     6 |       ||    11
         Minor Destruction |       |       |       |       |       |       |     4 |       ||     4
  Evoke: Wand              |       |     2 |    11 |     4 |       |     1 |     1 |     1 ||    20
         Phantom mirror    |       |       |       |       |     1 |     2 |     2 |     2 ||     7
         Phial of floods   |       |       |       |       |       |       |     1 |     1 ||     2
         Box of beasts     |       |       |       |       |       |       |       |     1 ||     1
         Condenser vane    |       |       |       |       |       |       |       |     1 ||     1
    Use: Scroll            |       |     5 |     7 |    12 |    10 |     9 |    14 |    10 ||    67
         Potion            |       |     1 |       |     4 |     5 |     7 |     9 |     2 ||    28
   Stab: Distracted        |       |       |     2 |     5 |     1 |     1 |     6 |     1 ||    16
         Held in net/web   |       |       |       |     4 |       |       |       |       ||     4
         Petrified         |       |       |       |       |       |     7 |       |       ||     7
         Petrifying        |       |       |       |       |       |     1 |       |     1 ||     2
         Confused          |       |       |       |       |       |     1 |       |       ||     1
 Armour: Scale mail        |    32 |    29 |    14 |       |       |       |       |       ||    75
         Chain mail        |       |       |    11 |       |    46 |       |       |       ||    57
         Swamp dragon scal |       |       |     7 |    55 |   170 |    71 |       |       ||   303
         Plate armour      |       |       |       |       |    10 |       |       |       ||    10
         Quicksilver drago |       |       |       |       |       |   133 |    61 |       ||   194
         Gold dragon scale |       |       |       |       |       |       |   308 |   264 ||   572
  Dodge: Dodged            |    37 |    22 |    44 |   102 |   348 |   325 |   429 |   366 ||  1673
  Block: Buckler           |    25 |    21 |    80 |   130 |   223 |       |       |       ||   479
         Reflection        |     1 |     1 |    12 |     8 |    28 |   115 |    86 |    79 ||   330
         Kite shield       |       |       |       |       |   275 |   115 |       |       ||   390
         Tower shield      |       |       |       |       |       |  1276 |  1512 |  1176 ||  3964

Table legend: (Time is in decaauts)
 A = Elapsed time spent in this place.
 B = Non-inter-level travel time spent in this place.
 C = Inter-level travel time spent in this place.
 D = Time resting spent in this place.
 E = Time spent auto-exploring this place.
 F = Levels seen in this place.
 G = Mean time per level.
                   A        B        C        D        E       F      G
               +--------+--------+--------+--------+--------+-----+--------+
         Total |  59205 |  54497 |   4708 |   4146 |  37816 |  51 | 1160.9 |
       Dungeon |  16759 |  14580 |   2179 |    313 |  11994 |  15 | 1117.3 |
        Temple |    264 |    245 |     19 |      0 |    221 |   1 |  264.0 |
          Lair |   7986 |   7228 |    758 |    746 |   5518 |   5 | 1597.2 |
        Shoals |   4833 |   4655 |    178 |    423 |   3075 |   4 | 1208.2 |
     Snake Pit |   5638 |   5410 |    228 |     10 |   4605 |   4 | 1409.5 |
  Orcish Mines |   2025 |   1914 |    111 |      0 |   1469 |   2 | 1012.5 |
   Elven Halls |   2993 |   2862 |    131 |     10 |   1749 |   3 |  997.7 |
        Vaults |   4519 |   4054 |    465 |      0 |   2804 |   5 |  903.8 |
        Depths |   9968 |   9332 |    636 |   2317 |   4964 |   4 | 2492.0 |
         Abyss |   1615 |   1615 |      0 |     51 |    411 |   4 |  403.8 |
        Bailey |    346 |    346 |      0 |      0 |    258 |   1 |  346.0 |
      Ice Cave |    735 |    735 |      0 |      0 |    228 |   1 |  735.0 |
        Wizlab |   1000 |   1000 |      0 |     73 |    272 |   1 | 1000.0 |
      Gauntlet |    517 |    517 |      0 |    202 |    245 |   1 |  517.0 |
               +--------+--------+--------+--------+--------+-----+--------+

Top non-repeatable levels by time:
Depths:2: 2860 daAuts
Depths:4: 2581 daAuts
Depths:1: 2343 daAuts
  Lair:5: 2250 daAuts
Depths:3: 2183 daAuts
  Lair:4: 1891 daAuts
     D:7: 1685 daAuts
  Lair:2: 1535 daAuts
    D:10: 1524 daAuts
Shoals:4: 1492 daAuts
 Snake:1: 1461 daAuts
 Snake:3: 1431 daAuts
 Snake:2: 1404 daAuts
Vaults:1: 1374 daAuts
  Lair:1: 1353 daAuts
